 Seeded DCSS version 0.28.0-45-g0d030f2227 (webtiles) character file.

Game seed: 1299469745217814974 (custom seed)

5 Hubjo the Gusty (level 1, 0/10 HPs)
             Began as a Deep Elf Air Elementalist on Apr 11, 2022.
             Was an Initiate of Gozag.
             Slain by a jackal (1 damage)
             ... on level 2 of the Dungeon.
             The game lasted 00:02:33 (1702 turns).

Hubjo the Gusty (Deep Elf Air Elementalist)         Turns: 1702, Time: 00:02:33

Health: 0/10       AC:  2    Str:  5    XL:     1   Next: 66%
Magic:  6/6        EV: 12    Int: 19    God:    Gozag
Gold:   59         SH:  0    Dex: 15    Spells: 5/6 levels left

rFire   . . .      SeeInvis .   (no weapon)
rCold   . . .      Faith    .   (no shield)
rNeg    . . .      Spirit   .   a - +0 robe
rPois   .          Reflect  .   (no helmet)
rElec   .          Harm     .   (no cloak)
rCorr   .          Rampage  .   (no gloves)
Will    .....                   (no boots)
Stlth   ++........              (no amulet)
HPRegen 0.03/turn               (no ring)
MPRegen 0.10/turn               (no ring)

@: no status effects
A: no striking features
a: Renounce Religion, Potion Petition, Call Merchant, Bribe Branch


You were on level 2 of the Dungeon.
You worshipped Gozag.
Gozag was noncommittal.
You visited 1 branch of the dungeon, and saw 2 of its levels.

You collected 59 gold pieces.

Inventory:

Armour
 a - a +0 robe (worn)
Scrolls
 b - 2 scrolls of identify {unknown}
 c - a scroll of blinking {unknown}
 d - a scroll of vulnerability {unknown}
 f - a scroll of torment {unknown}
Potions
 e - a potion of haste {unknown}


   Skills:
 + Level 2.5 Dodging
 + Level 2.6 Stealth
 + Level 3.0 Spellcasting
 + Level 1.1 Conjurations
 + Level 3.2 Air Magic


You had 5 spell levels left.
You knew the following spells:

 Your Spells              Type           Power      Damage    Failure   Level
a - Shock                 Conj/Air       44%        1d5       6%          1

Your spell library contained the following spells:

 Spells                   Type           Power      Damage    Failure   Level
 Static Discharge         Conj/Air       11%        N/A       10%         2
 Swiftness                Air            15%        N/A       12%         3
 Airstrike                Air            7%         N/A       38%         4
 Call Canine Familiar     Summ           2%         N/A       41%         3
 Portal Projectile        Hex/Tloc       4%         N/A       41%         3
 Leda's Liquefaction      Hex/Erth       1%         N/A       83%         4


Dungeon Overview and Level Annotations

Branches:
Dungeon (2/15)

Altars:
Gozag

Shops:
D:1 ?*


Message History

Key pressed, stopping explore.
Key pressed, stopping explore.
HP restored.
You now have 43 gold pieces (gained 6).
You see here a +0 club.
You now have 49 gold pieces (gained 6).
You now have 55 gold pieces (gained 6).
You see here a +0 club.
You now have 59 gold pieces (gained 4).
f - a scroll labelled LIJUAJ SEGRI A jackal comes into view.
A jackal is nearby!
A jackal is nearby!
A jackal is nearby!
A jackal comes into view.
Found a stone staircase leading down.
The jackal barely misses you. The jackal closely misses you.
The jackal completely misses you.
You hit the jackal but do no damage.
The jackal bites you but does no damage.
You hit the jackal but do no damage. The jackal barely misses you.
You closely miss the jackal. The jackal misses you.
The jackal barely misses you. The jackal bites you.
The jackal closely misses you. The jackal closely misses you.
The jackal bites you but does no damage.
The jackal closely misses you. The jackal bites you. x2
The jackal bites you.
* * * LOW HITPOINT WARNING * * *
The jackal bites you.
* * * LOW HITPOINT WARNING * * *
The jackal misses you. The jackal closely misses you. The jackal bites you.
* * * LOW HITPOINT WARNING * * *
The jackal bites you but does no damage.
The jackal barely misses you. The jackal bites you.
You die...
Your body crumbles into a pile of gold.

#.## ...##
###..######
..........# #
.....)....# ..
..........# ..>
.....)....# ##....
..........# ###...#
.......[..######@h.#
..........#.....h###
#########...######
#.....### #..#####
..


You could see 2 jackals.

Vanquished Creatures
  A giant cockroach (D:2)
  2 bats (D:1)
  A goblin (D:2)
  2 kobolds
  A rat (D:1)
7 creatures vanquished.

Notes
Turn   | Place    | Note
-------+----------+-------------------------------------------
     0 | D:1      | Hubjo the Deep Elf Air Elementalist began the quest for the
                  | Orb.
     0 | D:1      | Reached XP level 1. HP: 10/10 MP: 6/6
   142 | D:1      | Found a faded altar of an unknown god.
   182 | D:1      | Prayed at the altar of an unknown god.
   182 | D:1      | Became a worshipper of Gozag Ym Sagoz the Greedy
   230 | D:1      | Found Huadyamm's General Store.
   845 | D:1      | Found Maapn's Magic Scroll Shop.
  1702 | D:2      | Slain by a jackal

Illustrated notes

Levels and vault maps discovered:
D:1:      lemuel_arrival_tunnels, layout_basic,
          hellmonk_ecumenical_altar_pennies_from_heaven, serial_shops,
          nicolae_shop_waterfront, nicolae_lakefront_shop
D:2:      layout_rooms

Action                   || total
-------------------------++-------
Melee: Unarmed           ||    46
       Punch             ||     1
 Cast: Shock             ||     4
 Stab: Sleeping          ||     1
Armor: Robe              ||    17
Dodge: Dodged            ||    55
